 Dungeon Crawl Stone Soup version 0.32-a0-834-geaf45d8e21 (webtiles) character file.

Game seed: 5503351401088461824

102085 zorb987 the Cleaver (level 16, -2/126 HPs)
             Began as a Gnoll Reaver on Mar 26, 2024.
             Was the Champion of Dithmenos.
             Slain by a +1 heavy dire flail (7 damage)
             ... on level 2 of the Orcish Mines.
             The game lasted 04:40:44 (19269 turns).

zorb987 the Cleaver (Gnoll Reaver)                 Turns: 19269, Time: 04:40:45

Health: -2/126     AC: 22    Str: 29    XL:     16   Next: 32%
Magic:  30/31      EV: 21    Int: 22    God:    Dithmenos [******]
Gold:   586        SH:  0    Dex: 15    Spells: 11/38 levels left

rFire   + + .        J - +6 battleaxe (freeze)
rCold   . . .        (shield currently unavailable)
rNeg    . . .        j - +7 ring mail "Trusted Companion" {+Inv rPois Stlth+}
rPois   +            P - +1 helmet of Hairy Freedom {rElec}
rElec   +            I - +0 cloak "Ticurr" {Rampage rPois Str+2 Stlth-}
rCorr   .            u - +1 pair of gloves of the Will of the Gods {*Corrode rF++ Int+5}
SInv    .            d - +0 pair of boots of Kaneyth {Int+4}
Will    +....        H - amulet "Emoacw" {^Contam *Slow Regen+ RegenMP+ Str+6}
Stlth   +++++++      B - +6 ring of strength
HPRegen 1.21/turn    x - +5 ring of evasion
MPRegen 0.62/turn

%: corrode self (3%), slow self (1%), rampage
@: about to teleport, on blink cooldown, wreathed by umbra
A: fangs 1, strong nose, distributed training
a: Renounce Religion, Evoke Invisibility, Shadow Step, Shadow Form


You were on level 2 of the Orcish Mines.
You worshipped Dithmenos.
Dithmenos was exalted by your worship.
You visited 4 branches of the dungeon, and saw 21 of its levels.
You also visited: Bailey.

You collected 2721 gold pieces.
You spent 2135 gold pieces at shops.

Inventory:

Hand Weapons
 l - the +3 greatsling "Punk" {acid, rCorr}
   (You acquired it on level 8 of the Dungeon)

   rCorr:     It protects you from acid and corrosion.
 s - a +2 dire flail of protection
 J - a +6 battleaxe of freezing (weapon)
 S - a +2 whip of flaming
 T - a +4 dagger of flaming
 W - a +4 war axe of protection
 X - the +3 falchion of the Imperium {elec, rPois rF+ Int+4}
   (You took it off a kobold in a bailey)

   Int+4:     It affects your intelligence (+4).
   rF+:       It protects you from fire.
   rPois:     It protects you from poison.
Missiles
 h - 150 stones (quivered)
 C - 12 curare-tipped darts
 E - 7 throwing nets
 M - 19 poisoned darts
 U - 22 boomerangs
Armour
 d - the +0 pair of boots of Kaneyth (worn) {Int+4}
   (You acquired it on level 5 of the Dungeon)

   Int+4:     It affects your intelligence (+4).
 j - the +7 ring mail "Trusted Companion" (worn) {+Inv rPois Stlth+}
   (You found it on level 9 of the Dungeon)

   rPois:     It protects you from poison.
   +Inv:      It lets you turn invisible.
   Stlth+:    It makes you more stealthy.
 u - the +1 pair of gloves of the Will of the Gods (worn) {*Corrode rF++ Int+5}
   (You found it on level 3 of the Dungeon)

   Int+5:     It affects your intelligence (+5).
   rF++:      It greatly protects you from fire.
   *Corrode:  It may corrode you when you take damage.
 I - the +0 cloak "Ticurr" (worn) {Rampage rPois Str+2 Stlth-}
   (You acquired it on level 5 of the Dungeon)

   Str+2:     It affects your strength (+2).
   rPois:     It protects you from poison.
   Rampage:   It bestows one free step when moving towards enemies.
   Stlth-:    It makes you less stealthy.
 P - the +1 helmet of Hairy Freedom (worn) {rElec}
   (You found it on level 12 of the Dungeon)

   rElec:     It insulates you from electricity.
 Y - a +1 pair of boots of flying
Jewellery
 a - the amulet of Mauckes {Faith *Corrode rF+ Str+4 Int+5}
   (You found it on level 5 of the Lair of Beasts)

   [amulet of faith]

   Faith:     It allows you to gain divine favour quickly.
   Str+4:     It affects your strength (+4).
   Int+5:     It affects your intelligence (+5).
   rF+:       It protects you from fire.
   *Corrode:  It may corrode you when you take damage.
 f - a ring of protection from fire
 p - a ring of see invisible
 x - a +5 ring of evasion (right hand)
 B - a +6 ring of strength (left hand)
 H - the amulet "Emoacw" (around neck) {^Contam *Slow Regen+ RegenMP+ Str+6}
   (You acquired it on level 5 of the Dungeon)

   [amulet of magic regeneration]

   It increases your rate of magic regeneration.
   Str+6:     It affects your strength (+6).
   ^Contam:   It causes magical contamination when unequipped.
   Regen+:    It increases your rate of health regeneration.
   *Slow:     It may slow you when you take damage.
   RegenMP+:  It increases your rate of magic regeneration.
 L - a ring of ice
 R - a +4 ring of protection
 V - an amulet of reflection
Wands
 k - a wand of digging (5)
 t - a wand of flame (14)
 w - a wand of paralysis (10)
 K - a wand of warping (16)
Scrolls
 c - 2 scrolls of immolation
 g - 4 scrolls of fog
 i - a scroll of brand weapon
 n - 4 scrolls of teleportation
 o - 2 scrolls of fear
 r - a scroll of poison {unknown}
 y - 3 scrolls of amnesia
 D - a scroll of enchant weapon
 F - 4 scrolls of revelation
 O - a scroll of blinking
Potions
 b - 5 potions of curing
 e - a potion of cancellation
 m - 3 potions of haste
 q - 3 potions of lignification
 v - a potion of resistance
 A - a potion of berserk rage {unknown}
 G - a potion of magic
 N - 2 potions of might
 Q - 5 potions of enlightenment


   Skills:
 + Level 11.5 Fighting
 + Level 10.6 Short Blades
 + Level 10.6 Long Blades
 + Level 12.4 Axes
 + Level 10.6 Maces & Flails
 + Level 10.6 Polearms
 + Level 10.6 Staves
 + Level 10.6 Ranged Weapons
 + Level 10.6 Throwing
 + Level 10.6 Armour
 + Level 11.5 Dodging
 + Level 10.6 Stealth
 + Level 10.6 Shields
 + Level 10.6 Unarmed Combat
 + Level 11.7 Spellcasting
 + Level 10.5 Conjurations
 + Level 8.9 Hexes
 + Level 8.9 Summonings
 + Level 8.9 Necromancy
 + Level 8.9 Translocations
 + Level 8.9 Fire Magic
 + Level 8.9 Ice Magic
 + Level 8.9 Air Magic
 + Level 8.9 Earth Magic
 + Level 8.9 Alchemy
 + Level 11.5 Invocations
 + Level 10.6 Evocations
 + Level 9.7 Shapeshifting


You had 11 spell levels left.
You knew the following spells:

 Your Spells              Type           Power      Damage    Failure   Level
a - Kiss of Death         Conj/Necr      100%       2d13      1%          1
b - Shock                 Conj/Air       100%       1d9       1%          1
c - Hailstorm             Conj/Ice       53%        3d10      1%          3
d - Sting                 Conj/Alch      100%       1d9       1%          1
e - Stone Arrow           Conj/Erth      100%       3d13      1%          3
f - Ensorcelled Hibernat  Hex/Ice        100%       N/A       1%          2
g - Momentum Strike       Conj/Tloc      100%       3d10      1%          2
h - Blink                 Tloc           100%       N/A       1%          2
i - Passwall              Erth           51%        N/A       1%          3
j - Irradiate             Conj/Alch      26%        3d20      3%          5
k - Summon Lightning Spi  Summ/Air       51%        N/A       1%          4

Your spell library contained the following spells:

 Spells                   Type           Power      Damage    Failure   Level
 Apportation              Tloc           100%       N/A       1%          1
 Necrotise                Necr           100%       1d9       1%          1
 Summon Small Mammal      Summ           100%       N/A       1%          1
 Lesser Beckoning         Tloc           100%       N/A       1%          2
 Static Discharge         Conj/Air       100%       3-8/arc   1%          2
 Sublimation of Blood     Necr           51%        N/A       1%          2
 Call Canine Familiar     Summ           51%        N/A       1%          3
 Fugue of the Fallen      Necr           51%        N/A       1%          3
 Vampiric Draining        Necr           51%        2d9       1%          3
 Volatile Blastmotes      Fire/Tloc      100%       2d18      1%          3
 Airstrike                Air            25%        2d(4-20)  1%          4
 Anguish                  Hex/Necr       25%        N/A       1%          4
 Animate Armour           Summ/Erth      100%       N/A       1%          4
 Animate Dead             Necr           51%        N/A       1%          4
 Leda's Liquefaction      Alch/Erth      25%        N/A       1%          4
 Martyr's Knell           Necr/Summ      51%        N/A       1%          4
 Petrify                  Alch/Erth      51%        N/A       1%          4
 Summon Blazeheart Golem  Fire/Summ      51%        N/A       1%          4
 Vhi's Electric Charge    Tloc/Air       100%       N/A       1%          4
 Borgnjor's Vile Clutch   Necr/Erth      25%        N/A       4%          5
 Curse of Agony           Necr           51%        N/A       4%          5
 Lee's Rapid Deconstruct  Erth           25%        3d14*     4%          5
 Silence                  Hex/Air        25%        N/A       4%          5
 Summon Mana Viper        Hex/Summ       51%        N/A       4%          5
 Bombard                  Conj/Erth      26%        9d5       19%         6
 Conjure Ball Lightning   Conj/Air       26%        3x3d7     19%         6
 Death Channel            Necr           25%        N/A       26%         6
 Permafrost Eruption      Ice/Erth       25%        2x4d8     26%         6
 Orb of Destruction       Conj           28%        9d9       58%         7
 Spellforged Servitor     Conj/Summ      26%        N/A       71%         7
 Discord                  Hex            25%        N/A       100%        8
 Disjunction              Tloc           25%        N/A       100%        8
 Ignition                 Fire           25%        3d9       100%        8
 Lehudib's Crystal Spear  Conj/Erth      26%        10d7      100%        8


Dungeon Overview and Level Annotations

Branches:
Dungeon (13/15)            Temple (0/1) D:6            Lair (5/5) D:9
  Swamp (0/4) Lair:2       Spider (0/4) Lair:3        Slime (0/5) Lair:4
    Orc (2/2) D:12            Elf (1/3) Orc:2        Bailey (visited)
 Vaults: D:13-14

Altars:
Dithmenos
Makhleb
Nemelex Xobeh
Trog
Wu Jian
Xom
Beogh

Shops:
D:1 ?   D:2 *:*   D:10 *   D:11 (   Orc:2 !*![*(   Elf:1 (

Annotations:
D:1 two handy shops
D:2 shops to return to
D:4 alt Xom, Dith; Dow+Duv; room of gnolls
D:8 1 runed translucent door, Domino's ghost, novice MDFi
Lair:2 2 transporters, casual's ghost, journeyman DjAl
Lair:3 exclusion: oklob plant
Lair:4 exclusion: 2 oklob plants
Orc:2 3 runed translucent doors, Nico3ck's ghost, journeyman CoGl; Shym's ghost, journeyman DjFE; Subbak's ghost, journeyman MDMo; casual's ghost, journeyman DjAl; starts1789's ghost, journeyman TrBe


Innate Abilities, Weirdness & Mutations

You have very sharp teeth.
Your uncanny sense of smell can sniff out nearby items.
Your experience applies equally to all skills.


Message History

You emit a cloud of dark smoke.
You climb upwards.
Welcome back to the Orcish Mines!
Level annotation: 3 runed translucent doors, Nico3ck's ghost, journeyman CoGl; Shym's ghost, journeyman DjFE; Subbak's ghost, journeyman MDMo; casual's ghost, journeyman DjAl; starts1789's ghost, journeyman TrBe
There is a staircase to the Elven Halls here.
Press: ? - help, v - describe, . - travel, g - get item
Here: a +1 heavy dire flail (umbra) Item here: a +0 dagger.
The floor, spattered with blood.
Casting: Summon Lightning Spire (mildly dangerous; 1% risk of failure)
Confirm with . or Enter, or press ? or * to list all spells.
You blink.
Hit: J) +6 battleaxe (freeze)
Press: ? - help, Dir - move target, f - you
Okay, then.
Press: ? - help, v - describe, . - travel The floor.
This square is wreathed by an umbra.
As you read the scroll of teleportation, it crumbles to dust.
You feel strangely unstable.
You feel ready to blink again.
Casting: Blink (safe; 1% risk of failure)
Confirm with . or Enter, or press ? or * to list all spells.
You blink.
Your surroundings seem slightly different.
You are no longer corroded.
You feel ready to blink again.
You completely miss the +1 heavy dire flail.
Your bite misses the +1 heavy dire flail.
Your shadow hits the +1 heavy dire flail with a battleaxe!
The +1 heavy dire flail barely misses you.
You closely miss the +1 heavy dire flail.
The +1 heavy dire flail is moderately damaged.
The +1 heavy dire flail misses you. The +1 heavy dire flail hits you!!
* * * LOW HITPOINT WARNING * * *
You emit a cloud of dark smoke.
Casting: Blink (safe; 1% risk of failure)
Confirm with . or Enter, or press ? or * to list all spells.
You blink.
As you read the scroll of teleportation, it crumbles to dust.
You feel strangely unstable. The +1 heavy dire flail hits you!
You die...

# ### ##... ###.##
##.#..###..@.#
#......#§§.(.#
#.....§§§§§§#
##.#..§§§§§##
#.......§§.##
#####...........#
##.#..#).........##
##......>..........##
.))..)))).......#...#


You could see a +1 heavy dire flail.

Vanquished Creatures
  Saint Roka (Orc:2)
  Harold (Orc:1)
  2 ice dragons (Lair:5)
  3 hydras
  5 two-headed ogres
  6 death yaks
  6 orc high priests (Orc:2)
  Sonja (D:13)
  A swamp dragon (Lair:5)
  Pikel (D:6)
  An obsidian bat (Orc:2)
  2 lindwurms (Lair:5)
  7 deep elf pyromancers (Elf:1)
  5 orc knights
  2 orc sorcerers (Orc:2)
  A cyclops (D:11)
  A manticore (D:12)
  6 black mambas
  5 torpor snails (Lair:5)
  11 cane toads
  Maggie (D:6)
  2 gargoyles
  A kobold demonologist (D:11)
  12 komodo dragons
  6 rime drakes
  8 trolls
  3 tyrant leeches (Lair:5)
  Prince Ribbit (D:6)
  8 hornets
  Grinder (D:6)
  16 dream sheep
  28 blink frogs
  5 slime creatures (D:12)
  3 shadows
  4 wyverns
  2 wraiths
  A water elemental (D:12)
  3 basilisks
  38 yaks
  3 wargs
  2 fire elementals (Elf:1)
  5 steam dragons
  2 redbacks (Lair:3)
  Edmund (D:6)
  5 acid dragons
  15 water moccasins
  Duvessa (D:4)
  2 sky beasts (D:7)
  3 swamp drakes
  40 orc warriors
  10 black bears
  8 ogres
  10 wolves
  4 lemures (D:6)
  A kobold brigand (D:8)
  A scorpion (D:5)
  10 bullfrogs
  5 wights (D:8)
  Dowan (D:4)
  4 electric eels
  2 hounds (D:5)
  A jelly (D:6)
  2 bombardier beetles
  27 orc priests
  2 gnoll boudas
  7 iguanas
  Ijyb (D:3)
  18 orc wizards
  A hell rat (D:9)
  Robin (D:3)
  5 adders
  9 gnolls
  A river rat (D:9)
  A shadow imp (D:6)
  6 ufetubi
  4 dart slugs
  2 ribbon worms
  84 orcs
  6 ball pythons
  6 bats
  3 endoplasms
  A giant cockroach (D:1)
  26 goblins
  12 hobgoblins
  8 jackals
  20 kobolds
  3 quokkas
  3 frilled lizards
  8 rats
614 creatures vanquished.

Vanquished Creatures (others)
  A deep elf pyromancer (Elf:1)
1 creature vanquished.

Grand Total: 615 creatures vanquished

Notes
Turn   | Place    | Note
-------+----------+-------------------------------------------
     0 | D:1      | zorb987 the Gnoll Reaver began the quest for the Orb.
     0 | D:1      | Reached XP level 1. HP: 20/20 MP: 6/6
    63 | D:1      | You fall into a shaft and drop 1 floor!
    71 | D:2      | Reached XP level 2. HP: 23/26 MP: 7/7
    79 | D:2      | Found Cubem's General Store.
   459 | D:1      | Reached skill level 5 in Spellcasting
   459 | D:1      | Reached XP level 3. HP: 31/31 MP: 7/9
   594 | D:1      | Found Iweliush's Magic Scroll Boutique.
   614 | D:1      | Reached skill level 1 in Invocations
   756 | D:2      | Got the Omnibus of Wispy Combustion
   759 | D:2      | Learned a level 1 spell: Shock
   763 | D:2      | Learned a level 3 spell: Hailstorm
  1051 | D:2      | Found Luoth's Assorted Antiques.
  1114 | D:2      | Found Woqedus's Book Boutique.
  1332 | D:2      | Reached skill level 1 in Short Blades
  1332 | D:2      | Reached skill level 1 in Long Blades
  1332 | D:2      | Reached skill level 1 in Maces & Flails
  1332 | D:2      | Reached skill level 1 in Polearms
  1332 | D:2      | Reached skill level 1 in Staves
  1332 | D:2      | Reached skill level 1 in Ranged Weapons
  1332 | D:2      | Reached skill level 1 in Throwing
  1332 | D:2      | Reached skill level 1 in Armour
  1332 | D:2      | Reached skill level 1 in Stealth
  1332 | D:2      | Reached skill level 1 in Shields
  1332 | D:2      | Reached skill level 1 in Unarmed Combat
  1332 | D:2      | Reached skill level 1 in Evocations
  1658 | D:3      | Reached skill level 1 in Shapeshifting
  1658 | D:3      | Reached XP level 4. HP: 38/38 MP: 11/11
  1728 | D:3      | Identified the +1 pair of gloves of the Will of the Gods
                  | {*Corrode rF++ Int+5}
  1819 | D:3      | Learned a level 1 spell: Sting
  1848 | D:3      | Reached skill level 1 in Hexes
  1848 | D:3      | Reached skill level 1 in Summonings
  1848 | D:3      | Reached skill level 1 in Necromancy
  1848 | D:3      | Reached skill level 1 in Translocations
  1848 | D:3      | Reached skill level 1 in Fire Magic
  1848 | D:3      | Reached skill level 1 in Ice Magic
  1848 | D:3      | Reached skill level 1 in Air Magic
  1848 | D:3      | Reached skill level 1 in Earth Magic
  1848 | D:3      | Reached skill level 1 in Alchemy
  1888 | D:4      | Noticed Ijyb
  1945 | D:3      | Noticed Robin
  1991 | D:3      | Killed Robin
  2095 | D:3      | Reached XP level 5. HP: 39/43 MP: 12/12
  2190 | D:3      | Noticed a steam dragon
  2208 | D:3      | Killed a steam dragon
  2209 | D:3      | Reached skill level 5 in Fighting
  2209 | D:3      | Reached skill level 5 in Dodging
  2209 | D:3      | Reached XP level 6. HP: 35/51 MP: 14/14
  2610 | D:3      | Paralysed by Ijyb for 4 turns
  2617 | D:3      | Paralysed by Ijyb for 4 turns
  2632 | D:3      | Paralysed by Ijyb for 2 turns
  2642 | D:3      | Killed Ijyb
  2851 | D:4      | Found a shimmering altar of Xom.
  2852 | D:4      | Found a shadowy altar of Dithmenos.
  2881 | D:4      | Noticed Duvessa
  2935 | D:4      | Became a worshipper of Dithmenos the Shadowed
  2967 | D:5      | Entered Level 5 of the Dungeon
  3663 | D:5      | Learned a level 3 spell: Stone Arrow
  3769 | D:5      | Learned a level 2 spell: Ensorcelled Hibernation
  3854 | D:5      | Reached skill level 7 in Axes
  3854 | D:5      | Reached XP level 7. HP: 56/56 MP: 15/15
  4042 | D:5      | Identified 3 scrolls of acquirement
  4043 | D:5      | Acquired the amulet "Emoacw" {^Contam *Slow Regen+ RegenMP+
                  | Str+6}
  4050 | D:5      | Acquired the +0 cloak "Ticurr" {Rampage rPois Str+2 Stlth-}
  4057 | D:5      | Acquired the +0 pair of boots of Kaneyth {Int+4}
  4075 | D:5      | Learned a level 2 spell: Momentum Strike
  4450 | D:6      | Noticed Grinder
  4468 | D:6      | Killed Grinder
  4471 | D:6      | Noticed Maggie
  4486 | D:6      | Killed Maggie
  4487 | D:6      | Reached XP level 8. HP: 57/63 MP: 15/17
  4632 | D:6      | Noticed Edmund
  4647 | D:6      | Killed Edmund
  4721 | D:6      | Found a staircase to the Ecumenical Temple.
  4764 | D:6      | Noticed Prince Ribbit
  4782 | D:6      | Killed Prince Ribbit
  4827 | D:6      | Reached XP level 9. HP: 67/69 MP: 18/18
  4884 | D:6      | Reached * piety under Dithmenos
  5121 | D:6      | Noticed Pikel
  5219 | D:6      | Killed Pikel
  5220 | D:6      | Reached skill level 8 in Axes
  5552 | D:4      | Reached skill level 5 in Invocations
  5680 | D:4      | Noticed Dowan
  5690 | D:4      | Killed Duvessa
  5691 | D:4      | Killed Dowan
  5799 | D:1      | Bought a scroll of enchant armour for 90 gold pieces
  5799 | D:1      | Bought a scroll of brand weapon for 114 gold pieces
  5799 | D:1      | Bought a scroll of teleportation for 36 gold pieces
  5799 | D:1      | Bought 3 scrolls of identify for 72 gold pieces
  5799 | D:1      | Bought a scroll of identify for 24 gold pieces
  5860 | D:2      | Bought a scroll of teleportation for 33 gold pieces
  5900 | D:2      | Bought a scroll of identify for 54 gold pieces
  6318 | D:7      | Reached ** piety under Dithmenos
  6319 | D:7      | Reached skill level 5 in Short Blades
  6319 | D:7      | Reached skill level 5 in Long Blades
  6319 | D:7      | Reached skill level 5 in Maces & Flails
  6319 | D:7      | Reached skill level 5 in Polearms
  6319 | D:7      | Reached skill level 5 in Staves
  6319 | D:7      | Reached skill level 5 in Ranged Weapons
  6319 | D:7      | Reached skill level 5 in Throwing
  6319 | D:7      | Reached skill level 5 in Armour
  6319 | D:7      | Reached skill level 5 in Stealth
  6319 | D:7      | Reached skill level 5 in Shields
  6319 | D:7      | Reached skill level 5 in Unarmed Combat
  6319 | D:7      | Reached skill level 5 in Evocations
  6319 | D:7      | Reached XP level 10. HP: 47/77 MP: 20/20
  6582 | D:8      | Found a flagged portal.
  6647 | Bailey   | Entered a bailey
  6669 | Bailey   | Identified the +3 falchion of the Imperium {elec, rPois rF+
                  | Int+4}
  6795 | Bailey   | Noticed an orc knight
  6824 | Bailey   | Killed an orc knight
  6825 | Bailey   | Reached skill level 5 in Shapeshifting
  7215 | D:8      | Acquired the +3 greatsling "Punk" {acid, rCorr}
  7215 | D:8      | Found the +3 greatsling "Punk" {acid, rCorr}
  7217 | D:8      | Noticed Domino's ghost (novice MDFi)
  7300 | D:8      | Found a runed translucent door.
  7504 | D:8      | Found a sparkling altar of Nemelex Xobeh.
  8670 | D:9      | Reached *** piety under Dithmenos
  8672 | D:9      | Reached skill level 9 in Axes
  8677 | D:9      | Reached skill level 5 in Hexes
  8677 | D:9      | Reached skill level 5 in Summonings
  8677 | D:9      | Reached skill level 5 in Necromancy
  8677 | D:9      | Reached skill level 5 in Translocations
  8677 | D:9      | Reached skill level 5 in Fire Magic
  8677 | D:9      | Reached skill level 5 in Ice Magic
  8677 | D:9      | Reached skill level 5 in Air Magic
  8677 | D:9      | Reached skill level 5 in Earth Magic
  8677 | D:9      | Reached skill level 5 in Alchemy
  8683 | D:9      | Reached XP level 11. HP: 74/85 MP: 22/22
  8705 | D:10     | Entered Level 10 of the Dungeon
  8811 | D:9      | Noticed a death yak
  8828 | D:9      | Killed a death yak
  8852 | D:9      | Found a staircase to the Lair.
  8864 | D:9      | Identified the +7 ring mail "Trusted Companion" {+Inv rPois
                  | Stlth+}
  9353 | D:10     | Noticed a two-headed ogre
  9364 | D:10     | Killed a two-headed ogre
  9438 | D:10     | Found an ornate altar of the Wu Jian Council.
  9648 | D:10     | Found Osuwnugh's CLEARANCE SALE!.
  9661 | D:10     | Bought a throwing net for 15 gold pieces
  9661 | D:10     | Bought a scroll of enchant weapon for 37 gold pieces
  9661 | D:10     | Bought a scroll of identify for 10 gold pieces
 10031 | D:11     | Noticed a two-headed ogre
 10038 | D:11     | Killed a two-headed ogre
 10047 | D:11     | Reached **** piety under Dithmenos
 10055 | D:11     | Noticed a cyclops
 10069 | D:11     | Killed a cyclops
 10178 | D:11     | Found Veomiv's Antique Weapon Shop.
 10634 | D:12     | Noticed a two-headed ogre
 10652 | D:12     | Reached XP level 12. HP: 94/94 MP: 24/24
 10655 | D:12     | Killed a two-headed ogre
 10717 | D:12     | Found a staircase to the Orcish Mines.
 10936 | D:12     | Reached ***** piety under Dithmenos
 11001 | D:13     | Noticed Sonja
 11003 | D:13     | Killed Sonja
 11004 | D:13     | Reached skill level 10 in Axes
 11029 | D:12     | Identified the +1 helmet of Hairy Freedom {rElec}
 11142 | D:12     | Noticed a two-headed ogre
 11150 | D:12     | Killed a two-headed ogre
 11220 | D:12     | Noticed a two-headed ogre
 11230 | D:12     | Killed a two-headed ogre
 11379 | D:12     | Learned a level 2 spell: Blink
 11434 | Lair:1   | Entered Level 1 of the Lair of Beasts
 11562 | Lair:2   | Found a transporter.
 11669 | Lair:1   | Learned a level 3 spell: Passwall
 11985 | Lair:1   | Reached XP level 13. HP: 33/101 MP: 26/26
 12491 | Lair:2   | Found a transporter.
 12503 | Lair:2   | Noticed casual's ghost (journeyman DjAl)
 12723 | Lair:2   | Reached skill level 10 in Spellcasting
 12815 | Lair:2   | Found a staircase to the Swamp.
 12818 | Lair:2   | Got the Encyclopedia of Unstable Spellbinding
 12961 | Lair:2   | Found a bloodstained altar of Trog.
 13102 | Lair:3   | Reached skill level 10 in Fighting
 13102 | Lair:3   | Reached skill level 11 in Axes
 13102 | Lair:3   | Reached skill level 10 in Dodging
 13658 | Lair:3   | Found a hole to the Spider Nest.
 13981 | Lair:5   | Entered Level 5 of the Lair of Beasts
 14081 | Lair:4   | Found a staircase to the Slime Pits.
 14116 | Lair:4   | Reached ****** piety under Dithmenos
 14244 | Lair:4   | Reached XP level 14. HP: 110/110 MP: 28/28
 14319 | Lair:4   | Reached skill level 10 in Invocations
 14942 | Lair:5   | Learned a level 5 spell: Irradiate
 14947 | Lair:5   | Learned a level 4 spell: Summon Lightning Spire
 15413 | Lair:5   | Paralysed by a hornet for 2 turns
 15519 | Lair:5   | Identified the amulet of Mauckes {Faith *Corrode rF+ Str+4
                  | Int+5}
 16634 | Orc:1    | Entered Level 1 of the Orcish Mines
 16634 | Orc:1    | Noticed Harold
 16640 | Orc:1    | Killed Harold
 16840 | Orc:2    | Entered Level 2 of the Orcish Mines
 16842 | Orc:2    | Found a runed translucent gate.
 16842 | Orc:2    | Found a runed translucent gate.
 16842 | Orc:2    | Found a runed translucent gate.
 16842 | Orc:2    | Noticed starts1789's ghost (journeyman TrBe)
 16843 | Orc:2    | Noticed Shym's ghost (journeyman DjFE)
 16843 | Orc:2    | Noticed Subbak's ghost (journeyman MDMo)
 16843 | Orc:2    | Noticed Nico3ck's ghost (journeyman CoGl)
 16843 | Orc:2    | Noticed casual's ghost (journeyman DjAl)
 16851 | Orc:2    | Found Efreutacw's Eclectic Emporium.
 16998 | Orc:2    | Noticed Saint Roka
 17484 | Orc:2    | Killed Saint Roka
 17485 | Orc:2    | Reached skill level 10 in Conjurations
 17550 | Orc:2    | Found Giliday's Distillery.
 17662 | Orc:1    | Reached skill level 10 in Short Blades
 17662 | Orc:1    | Reached skill level 10 in Long Blades
 17662 | Orc:1    | Reached skill level 10 in Maces & Flails
 17662 | Orc:1    | Reached skill level 10 in Polearms
 17662 | Orc:1    | Reached skill level 10 in Staves
 17662 | Orc:1    | Reached skill level 10 in Ranged Weapons
 17662 | Orc:1    | Reached skill level 10 in Throwing
 17662 | Orc:1    | Reached skill level 10 in Armour
 17662 | Orc:1    | Reached skill level 10 in Stealth
 17662 | Orc:1    | Reached skill level 10 in Shields
 17662 | Orc:1    | Reached skill level 10 in Unarmed Combat
 17662 | Orc:1    | Reached skill level 10 in Evocations
 18119 | Orc:2    | Reached XP level 15. HP: 118/118 MP: 30/30
 18130 | Orc:2    | Bought a potion of heal wounds for 90 gold pieces
 18130 | Orc:2    | Bought a potion of curing for 54 gold pieces
 18130 | Orc:2    | Bought a potion of cancellation for 144 gold pieces
 18148 | Orc:2    | Found a burning altar of Makhleb.
 18171 | Orc:2    | Found a roughly hewn altar of Beogh.
 18344 | Orc:2    | Found a staircase to the Elven Halls.
 18364 | Orc:2    | Reached skill level 12 in Axes
 18718 | Orc:2    | Bought a potion of experience for 700 gold pieces
 18718 | Orc:2    | Reached XP level 16. HP: 126/126 MP: 31/31
 18719 | Orc:2    | Bought a scroll of enchant weapon for 105 gold pieces
 18977 | Orc:2    | Found Vedgharad's Distillery.
 18980 | Orc:2    | Found Vakuv's Antique Armour Boutique.
 18982 | Orc:2    | Found Oselaonu's General Store.
 18983 | Orc:2    | Found Usuug's Weapon Shop.
 19001 | Orc:2    | Bought a potion of heal wounds for 90 gold pieces
 19007 | Orc:2    | Bought a scroll of enchant weapon for 97 gold pieces
 19007 | Orc:2    | Bought a scroll of teleportation for 39 gold pieces
 19007 | Orc:2    | Bought a scroll of blinking for 97 gold pieces
 19013 | Orc:2    | Bought a potion of curing for 54 gold pieces
 19013 | Orc:2    | Bought a potion of haste for 180 gold pieces
 19057 | Elf:1    | Entered Level 1 of the Elven Halls
 19117 | Elf:1    | Found Tyenit's Antique Weapon Boutique.
 19267 | Orc:2    | HP: 3/126 [+1 heavy dire flail (23)]
 19269 | Orc:2    | Slain by a +1 heavy dire flail

Illustrated notes

Levels and vault maps discovered:
D:1:      dpeg_arrival_tiny_a, layout_basic, serial_shops, shop, st_stairs_5,
          minmay_tromino_v7
D:2:      layout_loops_ring, serial_shops, shop,
          nicolae_shop_overgrown_old_shop, nicolae_shop_statue_plus,
          amcnicky_mini_pool_small
D:3:      layout_basic, solitary_fountain, uniq_robin
D:4:      layout_gridville, mainiacjoe_overflow_divided_tiny, serial_shops,
          nicolae_shop_just_a_little_nook, uniq_ijyb, uniq_duvessa
D:5:      layout_loops_ring
D:6:      layout_basic, minmay_temple_entry_proselytizer, st_stairs_4,
          uniq_prince_ribbit1, uniq_edmund, uniq_grinder, uniq_pikel,
          uniq_maggie
D:7:      layout_loops_cross, enter_ossuary_5, bh_walls_and_bars
D:8:      layout_layer_cave, old_standard_altar, enter_bailey_5,
          hellmonk_ghost_big_iron, serial_bayou_lagoon_b
D:9:      layout_basic, dpeg_lair_monsters, dk_noncrumbling_3,
          grunt_decor_clamped
D:10:     layout_rooms, mainiacjoe_overflow_small_starburst,
          nicolae_shop_clearance
D:11:     layout_loops_cross, serial_shops, shop
D:12:     layout_loops_ring, erik_orc_2, drop_trap
D:13:     layout_basic, uniq_sonja
Lair:1:   layout_regular_city, minmay_hedge_maze, st_stairs_12,
          beast_lair_carwin_6
Lair:2:   layout_cave_shapes, minmay_swamp_entry_reptiles,
          gammafunk_ghost_wrathful_warriors, lemuel_fruit_tree
Lair:3:   layout_roguey, spider_nest_entry_webs
Lair:4:   layout_roguey, minmay_slime_entry_oklob_enclosed,
          chequers_serial_rivers_small_b, minivault_25
Lair:5:   wormcave, layout_hall_layers, guppyfry_lair_end_dragon
Orc:1:    layout_caves, portal_ice_cave_rime, uniq_harold
Orc:2:    st_orc_pillars, layout_diamond_mine, gammafunk_ghost_cemetery,
          serial_shops, nicolae_shop_industrial_runoff, basic_altar,
          nicolae_alphabet_shops, mines1_david, uniq_saint_roka
Elf:1:    nicolae_elf_arrival_fired_up, layout_gridlike, serial_shops,
          nicolae_shop_just_a_little_nook, nicolae_elf_blasts_and_bolts

Skill      XL: |  1  2  3  4  5  6  7  8  9 10 11 12 13 14 15 |
---------------+----------------------------------------------+-----
Spellcasting   | 5 6 7 8 9 10 11 | 11.7
Invocations    | 1 2 3 4 5 6 7 8 9 10 11 | 11.5
Short Blades   | 1 2 3 5 6 7 8 9 10 | 10.6
Long Blades    | 1 2 3 5 6 7 8 9 10 | 10.6
Maces & Flails | 1 2 3 5 6 7 8 9 10 | 10.6
Polearms       | 1 2 3 5 6 7 8 9 10 | 10.6
Staves         | 1 2 3 5 6 7 8 9 10 | 10.6
Ranged Weapons | 1 2 3 5 6 7 8 9 10 | 10.6
Throwing       | 1 2 3 5 6 7 8 9 10 | 10.6
Armour         | 1 2 3 5 6 7 8 9 10 | 10.6
Stealth        | 1 2 3 5 6 7 8 9 10 | 10.6
Shields        | 1 2 3 5 6 7 8 9 10 | 10.6
Unarmed Combat | 1 2 3 5 6 7 8 9 10 | 10.6
Evocations     | 1 2 3 5 6 7 8 9 10 | 10.6
Shapeshifting  | 1 2 3 4 5 6 7 8 9 |  9.7
Hexes          | 1 2 3 4 5 6 7 8 |  8.9
Summonings     | 1 2 3 4 5 6 7 8 |  8.9
Necromancy     | 1 2 3 4 5 6 7 8 |  8.9
Translocations | 1 2 3 4 5 6 7 8 |  8.9
Fire Magic     | 1 2 3 4 5 6 7 8 |  8.9
Ice Magic      | 1 2 3 4 5 6 7 8 |  8.9
Air Magic      | 1 2 3 4 5 6 7 8 |  8.9
Earth Magic    | 1 2 3 4 5 6 7 8 |  8.9
Alchemy        | 1 2 3 4 5 6 7 8 |  8.9
Fighting       | 5 6 7 8 9 10 11 | 11.5
Dodging        | 5 6 7 8 9 10 11 | 11.5
Axes           | 7 8 9 10 11 12 | 12.4
Conjurations   | 6 7 8 9 10 | 10.5

Action                     |  1- 3 |  4- 6 |  7- 9 | 10-12 | 13-15 | 16-18 || total
---------------------------+-------+-------+-------+-------+-------+-------++-------
  Melee: Hand axe          |   141 |   241 |    36 |       |       |       ||   418
         Bite              |    16 |    18 |    39 |    52 |    89 |    18 ||   232
         War axe           |       |       |   224 |    86 |       |       ||   310
         Battleaxe         |       |       |       |   433 |   669 |    79 ||  1181
         Whip              |       |       |       |       |    16 |       ||    16
   Fire: Greatsling        |       |       |       |    80 |   144 |    15 ||   239
  Throw: Dart              |       |     3 |     8 |       |       |       ||    11
         Stone             |       |       |       |     3 |       |       ||     3
   Cast: Hailstorm         |       |       |       |       |     3 |       ||     3
         Blink             |       |       |       |       |     1 |     3 ||     4
         Irradiate         |       |       |       |       |     1 |       ||     1
         Summon Lightning  |       |       |       |       |     1 |       ||     1
Ability: Evoke Invisibilit |       |       |       |       |     1 |       ||     1
  Evoke: Wand              |       |       |     3 |     1 |    11 |       ||    15
    Use: Scroll            |     1 |     2 |    13 |    11 |     4 |     3 ||    34
         Potion            |       |     2 |     1 |       |     7 |     1 ||    11
   Stab: Sleeping          |       |     1 |       |    11 |    11 |     2 ||    25
         Paralysed         |       |       |     9 |     1 |       |       ||    10
         Distracted        |       |       |       |     1 |     2 |       ||     3
         Invisible         |       |       |       |       |     2 |       ||     2
 Armour: Leather armour    |    57 |    11 |       |       |       |       ||    68
         Ring mail         |       |    63 |       |   154 |   386 |    43 ||   646
         Steam dragon scal |       |    28 |    20 |       |       |       ||    48
         Swamp dragon scal |       |       |   110 |    98 |       |       ||   208
  Dodge: Dodged            |    76 |   190 |   283 |   558 |   848 |    82 ||  2037

Table legend: (Time is in decaauts)
 A = Elapsed time spent in this place.
 B = Non-inter-level travel time spent in this place.
 C = Inter-level travel time spent in this place.
 D = Time resting spent in this place.
 E = Time spent auto-exploring this place.
 F = Levels seen in this place.
 G = Mean time per level.
                   A        B        C        D        E       F      G
               +--------+--------+--------+--------+--------+-----+--------+
         Total |  19611 |  18406 |   1205 |   1632 |   6273 |  22 |  891.4 |
       Dungeon |  11243 |  10352 |    891 |    429 |   4572 |  13 |  864.8 |
          Lair |   5246 |   4954 |    292 |    687 |   1415 |   5 | 1049.2 |
  Orcish Mines |   2480 |   2458 |     22 |    515 |    286 |   2 | 1240.0 |
   Elven Halls |    208 |    208 |      0 |      0 |      0 |   1 |  208.0 |
        Bailey |    433 |    433 |      0 |      0 |      0 |   1 |  433.0 |
               +--------+--------+--------+--------+--------+-----+--------+

Top non-repeatable levels by time:
     D:8: 1661 daAuts
  Lair:5: 1629 daAuts
   Orc:2: 1364 daAuts
     D:6: 1304 daAuts
   Orc:1: 1115 daAuts
     D:4: 1106 daAuts
     D:3: 1100 daAuts
  Lair:1: 1083 daAuts
     D:2: 1051 daAuts
    D:12: 991 daAuts
  Lair:4: 954 daAuts
     D:5: 856 daAuts
  Lair:2: 834 daAuts
     D:9: 779 daAuts
  Lair:3: 743 daAuts
